 Dungeon Crawl Stone Soup version 0.29.1-14-g9c671dbff4 (webtiles) character file.

Game seed: 3922268452218886451

15 KittyFluff the Trooper (level 2, 0/20 HPs)
             Began as a Gargoyle Berserker on Feb 15, 2023.
             Was a Follower of Trog.
             Slain by a worm (8 damage)
             ... on level 2 of the Dungeon.
             The game lasted 00:02:41 (934 turns).

KittyFluff the Trooper (Gargoyle Berserker)          Turns: 934, Time: 00:02:41

Health: 0/20       AC:  4    Str: 20    XL:     2   Next: 50%
Magic:  2/2        EV: 12    Int:  7    God:    Trog [*.....]
Gold:   63         SH:  0    Dex:  9    Spells: 1/1 levels left

rFire   . . .      SeeInvis .   a - +0 mace
rCold   . . .      Faith    .   (no shield)
rNeg    + . .      Spirit   .   b - +0 animal skin
rPois   ∞          Reflect  .   (no helmet)
rElec   +          Harm     .   (no cloak)
rCorr   .          Rampage  .   (no gloves)
Will    .....                   (no boots)
Stlth   +.........              (no amulet)
HPRegen 0.06/turn               (no ring)
MPRegen 0.08/turn               (no ring)

@: no status effects
A: sickness immunity, AC +2, negative energy resistance 1, electricity
resistance, torment resistance 1, petrification resistance
a: Renounce Religion, Berserk


You were on level 2 of the Dungeon.
You worshipped Trog.
Trog was aware of your devotion.
You visited 1 branch of the dungeon, and saw 2 of its levels.

You collected 63 gold pieces.

Inventory:

Hand Weapons
 a - a +0 mace (weapon)
 c - a +0 flail
Missiles
 d - 12 stones (quivered)
 g - 5 poisoned darts
Armour
 b - a +0 animal skin (worn)
 m - a +0 ring mail
Jewellery
 l - a ring of fire
Scrolls
 f - a scroll of blinking {unknown}
 j - a scroll of teleportation {unknown}
 k - a scroll of butterflies {unknown}
 o - a scroll of noise {unknown}
Potions
 e - a potion of curing {unknown}
 h - 2 potions of flight {unknown}
 i - a potion of attraction {unknown}
 n - a potion of might {unknown}


   Skills:
 + Level 3.6 Fighting
 + Level 3.3 Maces & Flails
 - Level 2.1 Armour
 + Level 1.7 Dodging


You had one spell level left.
You didn't know any spells.
Your spell library was empty.

Dungeon Overview and Level Annotations

Branches:
Dungeon (2/15)

Altars:


Innate Abilities, Weirdness & Mutations

You are immune to sickness and miasma.
Your stone body is resilient. (AC +2)
You are immune to poison.
You resist negative energy. (rN+)
You are resistant to electric shocks. (rElec)
You are resistant to unholy torment.
You are immune to petrification.


Message History

You hit the hobgoblin.
You kill the hobgoblin!
Trog accepts your kill.
You see here a hobgoblin corpse.
Found a club.
You see here a +0 club.
Found the Atlas of Reformed Weather.
Found 4 gold pieces.
You now have 51 gold pieces (gained 4).
The floating eye turns its gaze towards you.
There is a stone staircase leading down here.
You climb downwards.
Found 12 gold pieces, a fuming grey potion and a scroll labelled MOJ QYAMYA.
There is a stone staircase leading up here.
You now have 63 gold pieces (gained 12).
A worm comes into view.
Found an escape hatch in the ceiling.
A dart slug comes into view.
Found a mace.
Found a pair of boots.
You see here a fuming grey potion.
n - a fuming grey potion You see here a scroll labelled MOJ QYAMYA.
o - a scroll labelled MOJ QYAMYA You completely miss the worm.
The worm bites you!
You hit the worm.
The worm is lightly wounded.
The worm bites you.
You hit the worm but do no damage.
The worm is lightly wounded.
You sock the worm!
The worm is heavily wounded.
The worm bites you.
You hit the worm.
The worm is severely wounded.
The worm barely misses you.
You barely miss the worm.
The worm is severely wounded.
The worm bites you!
You die...

......#...#
........#...#
.....[..+...+
........#...# ....
..#...####
#...w.<#.........
#... #.#.w.....).
##...##...@.......
......##.########
#.......#
#.......#
#.......#
##...<..#
#......#.......
....#....#.###...
#...#....#.#


You could see a worm.

Vanquished Creatures
  An endoplasm (D:1)
  2 goblins (D:1)
  2 hobgoblins (D:1)
  2 ball pythons (D:1)
  2 bats (D:1)
  A frilled lizard (D:1)
  3 kobolds (D:1)
  2 rats (D:1)
15 creatures vanquished.

Notes
Turn   | Place    | Note
-------+----------+-------------------------------------------
     0 | D:1      | KittyFluff the Gargoyle Berserker began the quest for the
                  | Orb.
     0 | D:1      | Reached XP level 1. HP: 14/14 MP: 1/1
   372 | D:1      | Reached XP level 2. HP: 7/19 MP: 2/2
   745 | D:1      | Noticed a great orb of eyes
   747 | D:1      | Found a faded altar of an unknown god.
   792 | D:1      | Noticed a golden eye
   794 | D:1      | Noticed a floating eye
   794 | D:1      | Noticed an eye of devastation
   934 | D:2      | Slain by a worm

Illustrated notes

Levels and vault maps discovered:
D:1:      nzn_arrival_water_spiral, layout_rooms,
          hellmonk_ecumenical_altar_watching_god, minmay_ruptured
D:2:      layout_basic, serial_bayou_pond_b, dreamdust_princess_corridor,
          minmay_misc_feat_secret_circle, uniq_natasha

Action                   || total
-------------------------++-------
Melee: Mace              ||    43
Invok: Berserk           ||     1
Armor: Animal skin       ||    19
Dodge: Dodged            ||    18
